 Dungeon Crawl Stone Soup version 0.19.0-19-g8c6edcc (webtiles) character file.

4477 Monkfish the Slicer (level 10, 0/94 HPs)
             Began as a Kobold Berserker on Nov 13, 2016.
             Was an Elder of Trog.
             Succumbed to a hornet's poison
             ... on level 9 of the Dungeon.
             The game lasted 00:09:54 (6081 turns).

Monkfish the Slicer (Kobold Berserker)              Turns: 6081, Time: 00:09:55

Health: 0/94       AC:  7    Str: 23    XL:     10   Next: 64%
Magic:  10/10      EV: 21    Int:  8    God:    Trog [****..]
Gold:   349        SH:  7    Dex: 22    Spells: 0 memorised, 9 levels left

rFire  + . .     SeeInvis .     a - +1 short sword
rCold  . . .     Gourm    .     s - +1 robe of Patterns {MR+ Dex+7 Stlth+}
rNeg   . . .     Faith    .     k - +0 buckler
rPois  .         Spirit   .     t - +0 helmet
rElec  .         Reflect  .     (no cloak)
rCorr  .         Harm     .     (no gloves)
MR     +....     Rnd*Rage +     (no boots)
Stlth  ..........               (no amulet)
                                (no ring)
                                i - ring of protection from fire

@: berserking, lethally poisoned (0 -> -6), slowed
A: icy blue scales 2, berserk 1, carnivore 3
a: Berserk, Trog's Hand, Brothers in Arms, Burn Spellbooks, Renounce Religion


You were on level 9 of the Dungeon.
You worshipped Trog.
Trog was greatly pleased with you.
You were full.

You visited 1 branch of the dungeon, and saw 9 of its levels.

You collected 349 gold pieces.

Inventory:

Hand Weapons
 a - a +1 short sword (weapon)
Armour
 k - a +0 buckler (worn)
 s - the +1 robe of Patterns (worn) {MR+ Dex+7 Stlth+}
   (You found it on level 8 of the Dungeon)

   It affects your dexterity (+7).
   It affects your resistance to hostile enchantments.
   It makes you more stealthy.
 t - a +0 helmet (worn)
Jewellery
 i - a ring of protection from fire (left hand)
Wands
 r - a wand of flame (38/48)
Scrolls
 b - 3 scrolls of teleportation
 j - 2 scrolls of fear
 m - a scroll of identify
 o - 2 scrolls of enchant weapon
 p - a scroll of remove curse
Potions
 d - a potion of curing
 e - 2 potions of brilliance
 f - 4 potions of heal wounds
 h - 2 potions of might
 n - a potion of flight
Comestibles
 c - 4 meat rations
 g - 4 beef jerkies
 q - 10 royal jellies


   Skills:
 + Level 7.2 Fighting
 + Level 11.2 Short Blades
 - Level 1.5 Armour
 + Level 6.8 Dodging
 * Level 9.7 Stealth
 * Level 5.4 Shields


You had 9 spell levels left.
You didn't know any spells.

Dungeon Overview and Level Annotations

Branches:
Dungeon (9/15)             Temple (0/1) D:5
   Lair: D:8-11         Orc: D:9-12

Altars:
Kikubaaqudgha
Qazlal
Ru
Yredelemnul


Innate Abilities, Weirdness & Mutations

You are small and have problems with some larger weapons.
You are carnivorous and can eat meat at any time.
You are mostly covered in icy blue scales. (AC +3)
You tend to lose your temper in combat.


Message History

You feel less resistant to hostile enchantments.
You feel sick. You block the hornet's attack. The hornet stings you!
* * * LOW HITPOINT WARNING * * *
You suddenly lose the ability to move!
You feel sick. The hornet stings you!
* * * LOW HITPOINT WARNING * * *
You shrug off the repeated paralysis!
The hornet stings you!
* * * LOW HITPOINT WARNING * * *
You shrug off the repeated paralysis!
* * * LOW HITPOINT WARNING * * *
You feel sick. The hornet barely misses you.
You can move again.
You hit the hornet but do no damage.
The hornet is almost dead.
The hornet barely misses you.
You hit the hornet.
You kill the hornet!
Trog accepts your kill.
Unknown command.
You die...

#..........#
#..........#########
#...........$......#
#........./........#
#..................#
#..................#
#.....#####........#
#..... #####....#
..... #.@..# ..
#....# #....# ######


There were no monsters in sight!

Vanquished Creatures
  The ghost of skk the Chopper, a novice DDFi (D:5)
  Grinder (D:3)
  3 hornets
  A two-headed ogre (D:8)
  2 soldier ants (D:8)
  2 orc warriors
  2 sky beasts
  A phantom (D:7)
  An ice beast (D:5)
  4 ogres
  A centaur (D:5)
  A crocodile (D:7)
  5 bullfrogs
  A gnoll sergeant (D:7)
  A wyvern zombie (D:7)
  A water moccasin zombie (D:8)
  A scorpion (D:5)
  5 killer bees (D:7)
  4 wights (D:8)
  A bullfrog zombie (D:5)
  4 crimson imps
  A jelly (D:7)
  3 orc priests
  A bullfrog skeleton (D:5)
  Jessica (D:3)
  3 iguanas
  3 orc wizards
  5 worker ants
  5 adders
  7 gnolls
  2 shadow imps
  5 oozes (D:1)
  3 adder skeletons (D:5)
  A worm (D:3)
  2 leopard geckos
  21 orcs
  4 bats
  10 giant cockroaches
  8 goblins
  2 hobgoblins
  9 jackals
  4 kobolds
  2 quokkas
  6 frilled lizards
  7 rats
158 creatures vanquished.

Notes
Turn   | Place    | Note
-------+----------+-------------------------------------------
     0 | D:1      | Monkfish the Kobold Berserker began the quest for the Orb.
     0 | D:1      | Reached XP level 1. HP: 14/14 MP: 1/1
     1 | D:1      | Found a runed door.
    50 | D:1      | Reached XP level 2. HP: 19/19 MP: 2/2
    53 | D:1      | Reached skill level 1 in Stealth
    58 | D:1      | Reached XP level 3. HP: 24/24 MP: 3/3
   275 | D:1      | Reached skill level 5 in Short Blades
   276 | D:1      | Reached ** piety under Trog
   278 | D:1      | Reached XP level 4. HP: 26/29 MP: 4/4
   994 | D:2      | You fall through a shaft!
   994 | D:3      | Noticed Grinder
   999 | D:3      | Paralysed by Grinder for 6 turns
  1015 | D:3      | Paralysed by Grinder for 2 turns
  1751 | D:3      | Paralysed by Grinder for 4 turns
  1763 | D:3      | HP: 1/29 [Grinder/nerve-wracking pain (12)]
  1773 | D:3      | Killed Grinder
  1773 | D:3      | Reached skill level 6 in Short Blades
  1773 | D:3      | Reached skill level 1 in Shields
  1773 | D:3      | Reached XP level 5. HP: 16/34 MP: 5/5
  1773 | D:3      | Reached XP level 6. HP: 18/39 MP: 6/6
  1952 | D:3      | Found a basalt altar of Yredelemnul.
  1954 | D:3      | Found a stormy altar of Qazlal.
  1955 | D:3      | Found an ancient bone altar of Kikubaaqudgha.
  2059 | D:3      | Noticed Jessica
  2072 | D:3      | Killed Jessica
  2152 | D:4      | Gained mutation: You are partially covered in icy blue scales. (AC +2) [potion of mutation]
  2152 | D:4      | Gained mutation: You tend to lose your temper in combat. [potion of mutation]
  2152 | D:4      | Gained mutation: You are mostly covered in icy blue scales. (AC +3) [potion of mutation]
  2307 | D:4      | Noticed an ogre
  2316 | D:4      | Killed an ogre
  2316 | D:4      | Reached XP level 7. HP: 44/44 MP: 7/7
  2766 | D:5      | Entered Level 5 of the Dungeon
  2837 | D:5      | Reached skill level 7 in Short Blades
  2850 | D:5      | Reached *** piety under Trog
  2869 | D:5      | Identified Yshrimamo's Volume of Calling and Poisoning
  2946 | D:5      | Reached skill level 5 in Fighting
  2966 | D:5      | Reached XP level 8. HP: 10/49 MP: 8/8
  3250 | D:5      | Reached skill level 5 in Stealth
  3344 | D:5      | Noticed skk's ghost (novice DDFi)
  3367 | D:5      | Killed skk's ghost
  3367 | D:5      | Reached skill level 8 in Short Blades
  3367 | D:5      | Reached skill level 5 in Dodging
  3367 | D:5      | Reached XP level 9. HP: 55/55 MP: 9/9
  3411 | D:5      | Found a staircase to the Ecumenical Temple.
  3979 | D:6      | Reached skill level 9 in Short Blades
  4802 | D:7      | Found a sacrificial altar of Ru.
  5061 | D:7      | Reached skill level 10 in Short Blades
  5320 | D:7      | Reached XP level 10. HP: 61/61 MP: 10/10
  5393 | D:8      | Reached skill level 5 in Shields
  5557 | D:8      | Got a warped robe
  5558 | D:8      | Identified the +1 robe of Patterns {MR+ Dex+7 Stlth+} (You found it on level 8 of the Dungeon)
  5722 | D:8      | Reached skill level 11 in Short Blades
  5729 | D:8      | Reached **** piety under Trog
  6076 | D:9      | Paralysed by a hornet for 3 turns
  6077 | D:9      | HP: 1/94 [hornet (9)]
  6081 | D:9      | Succumbed to a hornet's poison

Skill      XL: |  1  2  3  4  5  6  7  8  9 10 |
---------------+-------------------------------+-----
Stealth        | 1 3 4 5 7 9 |  9.7
Short Blades   | 5 6 7 8 10 11 | 11.2
Fighting       | 4 5 6 7 |  7.2
Dodging        | 3 4 5 6 |  6.8
Shields        | 1 2 3 4 5 |  5.4
Armour         | |  1.5

Action                   |  1- 3 |  4- 6 |  7- 9 | 10-12 || total
-------------------------+-------+-------+-------+-------++-------
Melee: Short sword       |    47 |   138 |   502 |   117 ||   804
Invok: Berserk           |     2 |     6 |    12 |     3 ||    23
       Trog's Hand       |       |     3 |     8 |     2 ||    13
       Burn Spellbooks   |       |       |     1 |       ||     1
  Use: Potion            |       |    10 |       |       ||    10
       Scroll            |       |     5 |     8 |     2 ||    15
 Stab: Sleeping          |     1 |     3 |     1 |     8 ||    13
       Distracted        |       |       |     3 |       ||     3
  Eat: Chunk             |     7 |     3 |    25 |     5 ||    40
       Meat ration       |       |     1 |       |       ||     1
       Beef jerky        |       |     1 |       |       ||     1
Armor: Animal skin       |     3 |       |       |       ||     3
       Leather armour    |       |    19 |    62 |    10 ||    91
       Skin              |       |     6 |       |       ||     6
       Robe              |       |       |       |     5 ||     5
Dodge: Dodged            |    22 |    71 |   249 |    58 ||   400
Block: Buckler           |       |     5 |    77 |    24 ||   106
